 Dungeon Crawl Stone Soup version 0.24.1-14-gf8d2b509d9 (webtiles) character file.

Game seed: 9833045501962041853, levelgen mode: deterministic

0 nightchill the Skirmisher (level 1, -39/18 HPs)
             Began as a Formicid Abyssal Knight on June 1, 2020.
             Was a Follower of Lugonu.
             Killed from afar by a Hell Sentinel (40 damage)
             ... with an iron shot
             ... on level 1 of the Abyss.
             The game lasted 00:01:15 (139 turns).

nightchill the Skirmisher (Formicid Abyssal Knight)  Turns: 139, Time: 00:01:16

Health: -39/18     AC:  3    Str: 16      XL:     1   Next: 0%
Magic:  2/2        EV: 11    Int: 10 (11) God:    Lugonu [*.....]
Gold:   25         SH:  0    Dex:  8 (10) Spells: 0/0 levels left

rFire    . . .     SeeInvis +   a - +1 hand axe
rCold    . . .     Gourm    .   (no shield)
rNeg     . . .     Faith    .   b - +0 leather armour
rPois    .         Spirit   .   (helmet unavailable)
rElec    .         Reflect  .   (no cloak)
rCorr    .         Harm     .   (no gloves)
MR       .....                  (no boots)
Stlth    +.........             (no amulet)
HPRegen  0.06/turn              (no ring)
MPRegen  0.08/turn              (no ring)

@: no status effects
A: permanent stasis, dig shafts and tunnels, four strong arms, antennae 3
a: Dig, Shaft Self, Depart the Abyss, Renounce Religion


You were on level 1 of the Abyss.
You worshipped Lugonu.
Lugonu was aware of your devotion.
You were not hungry.

You visited 0 branches of the dungeon, and saw 0 of its levels.
You visited the Abyss 1 time.

You collected 25 gold pieces.

Inventory:

Hand Weapons
 a - a +1 hand axe (weapon)
Armour
 b - a +0 leather armour (worn)
Scrolls
 d - a scroll of remove curse {unknown}
Comestibles
 c - a ration


   Skills:
 + Level 3.2 Fighting
 * Level 2.0 Axes
 - Level 2.1 Armour
 - Level 0.8 Dodging
 * Level 2.1 Invocations


You couldn't memorise any spells.
You didn't know any spells.
Your spell library was empty.

Dungeon Overview and Level Annotations

Branches:
Dungeon (0/15)

Altars:


Innate Abilities, Weirdness & Mutations

You cannot be hasted, slowed, berserked, paralysed or teleported.
You can dig through walls and to a lower floor.
Your four strong arms can wield two-handed weapons with a shield.
You have a pair of large antennae on your head. (SInv)


Message History

2 starspawn tentacles come into view.
A kobold demonologist and a Hell Sentinel come into view.
The Hell Sentinel roars!
The kobold demonologist shouts!
The kobold demonologist mumbles some strange words.
The kobold demonologist looks satisfied for a moment.
The kobold demonologist gestures wildly while chanting.
The ufetubus hits you.
* * * LOW HITPOINT WARNING * * *
The ufetubus hits you.
* * * LOW HITPOINT WARNING * * *
A wraith comes into view.
The ufetubus misses you. x2
A golden dragon zombie comes into view.
The ufetubus hits you.
* * * LOW HITPOINT WARNING * * *
The ufetubus misses you. The Hell Sentinel gestures at you.
The iron shot hits you!!!
Ouch! That really hurt!
You die...

.# . . ### .###..#
##.#.## #.#
.....##..##
.#####...#...#.#
##..#..@#.#......
..Z...W5..#......#
.#........#.. .. .
.....#...1.....#.
.....#..##5##.....
{..#.#....#X...#..
...
##.3###5....... #
? #....{#..#K5#..
.#. #5####X###...#


You could see a Hell Sentinel, a tentacled starspawn, a kobold demonologist, a
ynoxinul, a wraith, a quasit, an ufetubus and a golden dragon zombie.

Vanquished Creatures (others)
  A bush (Abyss:1)
  4 starspawn tentacles (Abyss:1)
5 creatures vanquished.

Notes
Turn   | Place    | Note
-------+----------+-------------------------------------------
     0 | Abyss:1  | nightchill the Formicid Abyssal Knight began the quest for
                  | the Orb.
     0 | Abyss:1  | Reached XP level 1. HP: 18/18 MP: 2/2
    85 | Abyss:1  | Noticed a large abomination
   102 | Abyss:1  | Noticed a neqoxec
   108 | Abyss:1  | Noticed an iron imp
   108 | Abyss:1  | Noticed a quasit
   116 | Abyss:1  | Noticed a ynoxinul
   117 | Abyss:1  | Noticed a storm dragon zombie
   126 | Abyss:1  | Noticed a tentacled starspawn
   126 | Abyss:1  | Noticed a glowing orange brain
   131 | Abyss:1  | Noticed a neqoxec
   133 | Abyss:1  | Noticed a Hell Sentinel
   133 | Abyss:1  | Noticed a kobold demonologist
   134 | Abyss:1  | Noticed a quasit
   136 | Abyss:1  | Noticed a wraith
   137 | Abyss:1  | Noticed a golden dragon zombie
   139 | Abyss:1  | Killed from afar by a Hell Sentinel

Levels and vault maps discovered:
Abyss:1:  evilmike_abyss_exit_plants

Action                   || total
-------------------------++-------
Armor: Leather armour    ||     4
Dodge: Dodged            ||    13
